 Dungeon Crawl Stone Soup version 0.30-a0-305-g026cb31310 (webtiles) character file.

Game seed: 14542240293643332031

1376 byup the Ruffian (level 8, -5/78 HPs)
             Began as a Troll Fighter on Oct 22, 2022.
             Shot with an arrow by a centaur (13 damage)
             ... on level 6 of the Dungeon.
             The game lasted 00:24:03 (4117 turns).

byup the Ruffian (Troll Fighter)                    Turns: 4117, Time: 00:24:03

Health: -5/78      AC:  0    Str: 25    XL:     8   Next: 39%
Magic:  7/7        EV:  9    Int:  4    God:
Gold:   343        SH:  8    Dex: 11    Spells: 7/7 levels left

rFire   . . .      SeeInvis .      - Unarmed
rCold   . . .      Faith    .    b - +0 kite shield
rNeg    . . .      Spirit   .    a - +0 robe
rPois   .          Reflect  .    (helmet restricted)
rElec   .          Harm     .    (no cloak)
rCorr   .          Rampage  .    (gloves unavailable)
Will    .....                    (boots unavailable)
Stlth   +.........               (no amulet)
HPRegen 1.13/turn                q - ring of flight
MPRegen 0.10/turn                (no ring)

@: marked, corroded, flying
A: large, unfitting armour, claws 3, regeneration 1, shaggy fur 1, tough skin 1
a: no special abilities


You were on level 6 of the Dungeon.
You visited 1 branch of the dungeon, and saw 6 of its levels.

You collected 343 gold pieces.

Inventory:

Hand Weapons
 j - the +6 short sword "Gydom" {freeze, rF+}
   (You found it on level 3 of the Dungeon)

   It freezes those it strikes, dealing additional cold damage.
   It can also slow down cold-blooded creatures.
   rF:        It protects you from fire.
Missiles
 e - 2 throwing nets
Armour
 a - a +0 robe (worn)
 b - a +0 kite shield (worn)
Jewellery
 q - a ring of flight (left claw)
Wands
 p - a wand of flame (6) (quivered)
Scrolls
 g - a scroll of magic mapping
 k - a scroll of identify
 l - a scroll of poison
 m - a scroll of immolation
 o - 2 scrolls of enchant armour
Potions
 c - a potion of might
 f - a potion of magic
 i - a potion of berserk rage
 n - a potion of curing
 r - a potion of attraction {unknown}


   Skills:
 * Level 4.1 Fighting
 + Level 4.2 Dodging
 * Level 5.0 Shields
 + Level 7.3 Unarmed Combat
 + Level 0.2 Evocations


You had 7 spell levels left.
You didn't know any spells.
Your spell library contained the following spells:

 Spells                   Type           Power      Damage    Failure   Level
 Kiss of Death            Conj/Necr      0%         2d5       77%         1
 Cigotuvi's Dreadful Rot  Necr/Pois/Air  0%         N/A       88%         2
 Poisonous Vapours        Pois/Air       0%         N/A       88%         2
 Sublimation of Blood     Necr           0%         N/A       88%         2
 Wereblood                Tmut           0%         N/A       88%         2
 Confusing Touch          Hex            0%         N/A       98%         3
 Inner Flame              Hex/Fire       0%         N/A       98%         3
 Mephitic Cloud           Conj/Pois/Air  0%         N/A       98%         3
 Dispel Undead            Necr           0%         3d6       100%        4
 Flame Wave               Conj/Fire      0%         2d4       100%        4
 Leda's Liquefaction      Hex/Erth       0%         N/A       100%        4
 Petrify                  Tmut/Erth      0%         N/A       100%        4
 Sticky Flame             Conj/Fire      0%         2d3       100%        4
 Summon Hydra             Summ           0%         N/A       100%        7
 Lehudib's Crystal Spear  Conj/Erth      0%         10d2      100%        8


Dungeon Overview and Level Annotations

Branches:
Dungeon (6/15)             Temple (0/1) D:4

Altars:

Shops:
D:1 !   D:4 *


Innate Abilities, Weirdness & Mutations

You are too large for most types of armour.
You have claws for hands.
Your natural rate of healing is unusually fast.
You are covered in fur. (AC +1)
You have tough skin. (AC +1)


Message History

An orc comes into view. It is wielding a +0 hand axe.
The jelly misses you.
A centaur comes into view.
The hound barely misses you.
You claw the hound!
The hound is severely wounded.
A bullfrog comes into view.
The hound misses you.
The centaur wields a +0 shortbow.
The centaur shoots an arrow.
You block the arrow. The jelly hits you. The acid corrodes you!
You are splashed with acid!
You scratch the hound.
The hound is almost dead.
The hound bites you.
The centaur shoots an arrow.
The arrow hits you!
* * * LOW HITPOINT WARNING * * *
The jelly barely misses you. The hound bites you.
* * * LOW HITPOINT WARNING * * *
The bullfrog hits you.
* * * LOW HITPOINT WARNING * * *
As you read the scroll of teleportation, it crumbles to dust.
You feel strangely unstable.
A centaur comes into view. It is wielding a +0 long sword.
The hound closely misses you. The jelly barely misses you.
The bullfrog hits you.
* * * LOW HITPOINT WARNING * * *
Unknown command.
As you read the scroll of fear, it crumbles to dust.
You assume a fearsome visage.
The centaur looks frightened!
The centaur resists with some effort.
The hound looks frightened!
The bullfrog looks frightened!
The jelly looks frightened!
The orc looks frightened!
The water moccasin looks frightened!
A water moccasin comes into view.
An orc comes into view. It is wielding a +0 flail.
The centaur shoots an arrow.
The arrow hits you!
* * * LOW HITPOINT WARNING * * *
As you read the scroll of teleportation, it crumbles to dust.
You feel strangely stable.
An iguana comes into view.
An orc comes into view. It is wielding a +0 dagger.
The centaur shoots an arrow.
The arrow hits you!
You die...

........>...... ........(....
##..........##....## ..#
#.........#.##.#.^.###...
........S....#.##.##.#...
.......)...J#...........#
............#............
.#......)................
....o...@.##............# ...
#..##..#.o.................. ...
#..$...#o##.................
#..##..............h...........#
#..#....###...#F.c.#.........#.#
#.....###....##....##......))#..
..#............#...S#........)...
...............##...l............
#...........##.##.............


You could see 2 water moccasins, a bullfrog (fleeing), a centaur, an iguana, a
hound (fleeing), a jelly (fleeing) and 3 orcs.

Vanquished Creatures
  A water moccasin (D:5)
  A black bear (D:4)
  An ice beast (D:4)
  2 ogres
  A centaur (D:6)
  A phantom (D:4)
  2 scorpions
  A necrophage (D:4)
  3 jellies (D:5)
  2 orc priests
  3 hounds
  Jessica (D:2)
  An iguana (D:5)
  4 orc wizards
  6 adders
  7 gnolls
  2 dart slugs
  16 orcs
  4 endoplasms
  5 giant cockroaches
  4 goblins
  4 hobgoblins
  4 quokkas
  7 ball pythons
  2 frilled lizards
  11 kobolds
  4 rats
100 creatures vanquished.

Vanquished Creatures (others)
  4 demonic plants (D:3)
  2 fungi (D:3)
  20 plants (D:3)
  2 withered plants (D:3)
28 creatures vanquished.

Grand Total: 128 creatures vanquished

Notes
Turn   | Place    | Note
-------+----------+-------------------------------------------
     0 | D:1      | byup the Troll Fighter began the quest for the Orb.
     0 | D:1      | Reached XP level 1. HP: 22/22 MP: 0/0
    96 | D:1      | Found Myocos's Distillery.
   304 | D:1      | Reached XP level 2. HP: 29/29 MP: 1/1
   816 | D:2      | Reached XP level 3. HP: 36/36 MP: 2/2
   971 | D:2      | Got the Teachings on Terrain
  1051 | D:2      | Noticed Jessica
  1058 | D:2      | Killed Jessica
  1105 | D:2      | Identified the +5 spear "Neurphoipt" {drain, rPois rF-
                  | Int+5}
  1203 | D:3      | Found a faded altar of an unknown god.
  1213 | D:3      | Identified the +6 short sword "Gydom" {freeze, rF+}
  1304 | D:3      | Reached XP level 4. HP: 42/44 MP: 3/3
  1308 | D:3      | Reached skill level 3 in Unarmed Combat
  2233 | D:4      | Noticed an ogre
  2235 | D:4      | Noticed a scorpion
  2246 | D:4      | Killed an ogre
  2247 | D:4      | Reached skill level 4 in Unarmed Combat
  2247 | D:4      | Reached XP level 5. HP: 34/53 MP: 4/4
  2268 | D:4      | Reached XP level 6. HP: 36/61 MP: 5/5
  2357 | D:4      | Reached skill level 5 in Unarmed Combat
  2652 | D:4      | Found Vytefof's Overcharged Wands.
  2708 | D:4      | Noticed an ice beast
  2715 | D:4      | Killed an ice beast
  2716 | D:4      | Reached XP level 7. HP: 67/67 MP: 6/6
  2767 | D:4      | You fall into a shaft and drop 1 floor!
  2767 | D:5      | Entered Level 5 of the Dungeon
  2913 | D:5      | Reached skill level 6 in Unarmed Combat
  3306 | D:4      | Found a staircase to the Ecumenical Temple.
  3778 | D:5      | Reached XP level 8. HP: 78/78 MP: 7/7
  3870 | D:5      | Reached skill level 7 in Unarmed Combat
  4100 | D:6      | Reached skill level 5 in Shields
  4117 | D:6      | Shot with an arrow by a centaur

Illustrated notes

Levels and vault maps discovered:
D:1:      heliophobic_arrival_battle_scene, layout_basic, serial_shops,
          nicolae_shop_statue_plus
D:2:      layout_basic, uniq_jessica
D:3:      layout_loops_ring, shapermc_ecumenical_altar_gd, dk_noncrumbling_3,
          chequers_serial_rivers_micro_c, hangedman_abyss_or_decor_stabs,
          kennysheep_crisscross, minmay_misc_feat_square,
          lexackson_kobold_supper
D:4:      layout_loops_corners, minmay_temple_entry_offerings,
          nicolae_shop_overcharged_wands
D:5:      layout_basic, nrook_mini_vaults, st_stairs_11, grunt_ministairs_15
D:6:      layout_cave_pools, minmay_ruined_shrine

Skill      XL: |  1  2  3  4  5  6  7  8 |
---------------+-------------------------+-----
Shields        | 3 4 5 |  5.0
Unarmed Combat | 4 5 6 7 |  7.3
Fighting       | 3 4 |  4.1
Dodging        | 3 4 |  4.2
Evocations     | |  0.2

Action                   |  1- 3 |  4- 6 |  7- 9 || total
-------------------------+-------+-------+-------++-------
Melee: Unarmed           |    65 |    92 |   148 ||   305
       Short sword       |     3 |       |       ||     3
Evoke: Wand              |       |     2 |     2 ||     4
  Use: Scroll            |       |     2 |    12 ||    14
       Potion            |       |     2 |       ||     2
Armor: Robe              |    24 |    14 |    30 ||    68
Dodge: Dodged            |    23 |    26 |    50 ||    99
Block: Kite shield       |    24 |    31 |    64 ||   119

Table legend: (Time is in decaauts)
 A = Elapsed time spent in this place.
 B = Non-inter-level travel time spent in this place.
 C = Inter-level travel time spent in this place.
 D = Time resting spent in this place.
 E = Time spent auto-exploring this place.
 F = Levels seen in this place.
 G = Mean time per level.
                   A        B        C        D        E       F      G
               +--------+--------+--------+--------+--------+-----+--------+
         Total |   4094 |   4001 |     93 |      0 |   1386 |   6 |  682.3 |
       Dungeon |   4094 |   4001 |     93 |      0 |   1386 |   6 |  682.3 |
               +--------+--------+--------+--------+--------+-----+--------+

Top non-repeatable levels by time:
     D:4: 997 daAuts
     D:3: 973 daAuts
     D:5: 813 daAuts
     D:1: 670 daAuts
     D:2: 528 daAuts
     D:6: 110 daAuts
